 Dungeon Crawl Stone Soup version 0.20.1-1-g8b1a95d (webtiles) character file.

268 Kingsmith the Vexing (level 6, 0/41 HPs)
             Began as a Mummy Conjurer on Dec 6, 2017.
             Slain by an orc warrior
             ... wielding a +0 mace
              (19 damage)
             ... on level 4 of the Dungeon.
             The game lasted 00:09:55 (4083 turns).

Kingsmith the Vexing (Mummy Conjurer)               Turns: 4083, Time: 00:09:55

Health: 0/41       AC:  2    Str: 11    XL:     6   Next: 1%
Magic:  6/10       EV: 12    Int: 16    God:
Gold:   151        SH:  0    Dex: 13    Spells: 4/10 levels left

rFire    x . .     SeeInvis .   e - +4 dagger (speed)
rCold    + . .     Gourm    .   (no shield)
rNeg     + + +     Faith    .   a - +0 robe
rPois    ∞         Spirit   .   (no helmet)
rElec    .         Reflect  .   (no cloak)
rCorr    .         Harm     .   (no gloves)
MR       .....                  (no boots)
Stlth    ++........             (no amulet)
Regen    0.2/turn               (no ring)
MPRegen  0.2/turn               (no ring)

@: no status effects
A: no food or potions, fire vulnerability, cold resistance 1, negative energy
resistance 3, torment resistance, unbreathing
a: no special abilities


You were on level 4 of the Dungeon.
You were not hungry.

You visited 1 branch of the dungeon, and saw 4 of its levels.

You collected 151 gold pieces.

Inventory:

Hand Weapons
 e - a +4 dagger of speed (weapon)
 g - a +2 whip of venom
Missiles
 p - 19 arrows
Armour
 a - a +0 robe (worn)
Wands
 l - a wand of random effects (18/48)
 o - a wand of flame (21/48)
 q - a wand of random effects (27/48)
Scrolls
 c - 7 scrolls of identify {unknown}
 d - a scroll of enchant armour {unknown}
 f - 3 scrolls of teleportation {unknown}
 h - a scroll of amnesia {unknown}
 i - 2 scrolls of enchant weapon {unknown}
 j - 2 scrolls of magic mapping {unknown}
 k - a scroll of remove curse {unknown}
 m - a scroll of random uselessness {unknown}
 r - a scroll of fear {unknown}
Books
 b - a book of Conjurations

   Spells                             Type                      Level
   a - Magic Dart                     Conjuration                  1
   b - Searing Ray                    Conjuration                  2
   c - Dazzling Spray                 Conjuration/Hexes            3
   d - Fulminant Prism                Conjuration/Hexes            4
   e - Force Lance                    Conjuration/Translocation    4
   f - Iskenderun's Mystic Blast      Conjuration                  4
 n - a book of Changes

   Spells                             Type                      Level
   a - Beastly Appendage              Transmutation                1
   b - Sticks to Snakes               Transmutation                2
   c - Spider Form                    Transmutation/Poison         3
   d - Ice Form                       Ice/Transmutation            4
   e - Blade Hands                    Transmutation                5


   Skills:
 - Level 1.5 Dodging
 - Level 1.5 Stealth
 - Level 2.6 Spellcasting
 - Level 4.2 Conjurations
 + Level 4.4 Hexes


You had 4 spell levels left.
You knew the following spells:

 Your Spells              Type           Power        Failure   Level  Hunger
a - Magic Dart            Conj           ###.         3%          1    N/A
b - Searing Ray           Conj           ###...       4%          2    N/A
c - Dazzling Spray        Conj/Hex       ###...       10%         3    N/A

Dungeon Overview and Level Annotations

Branches:
Dungeon (4/15)
 Temple: D:4-7

Altars:
Fedhas
Kikubaaqudgha
Vehumet
Yredelemnul
The Shining One

Shops:
D:4 (

Annotations:
D:1 Item vault. Rock walls
D:2 exclusion: oklob plant


Innate Abilities, Weirdness & Mutations

You do not eat or drink.
Your flesh is vulnerable to fire.
You are immune to poison.
Your flesh is cold resistant. (rC+)
You are immune to negative energy. (rN+++)
You are immune to unholy pain and torment.
You can survive without breathing.


Message History

You miscast Dazzling Spray.
You are very lightly contaminated with residual magic.
You feel a strange surge of energy! The orc warrior hits you with a mace!
* * * LOW HITPOINT WARNING * * *
Your magical contamination has completely faded away.
Casting: Dazzling Spray
Confirm with . or Enter, or press ? or * to list all spells.
Aiming: Dazzling Spray
Press: ? - help, Shift-Dir - straight line, f/p - orc warrior
Aim: an orc warrior, wielding a mace and wearing a chain mail (moderately wounded)
The spray of energy hits the orc warrior.
The orc warrior is heavily wounded.
The orc warrior is dazzled.
You barely miss the orc warrior.
The orc warrior is heavily wounded.
You catch the helpless orc warrior completely off-guard!
You hit the orc warrior.
The orc warrior is severely wounded.
The orc warrior hits you with a mace!!
You die...

##########.# #.....#
.....o..>#.#######.##.##
########.#.........##.#
#.############.## #.#
#..[....# #### #.#
#.####### ...# #.# #.#
##.# #o# #.# #.# #.# #@#
#.# #.#######o##
##.#####∩....o.o..#
......#############
...##.# !..##.####
...##.#..# ...##.#..#
#####.#..#


You could see an orc warrior (blind) and an orc.

Vanquished Creatures
  A scorpion (D:4)
  Ijyb (D:3)
  A hound zombie (D:4)
  7 adders
  4 worms
  4 dart slugs
  3 leopard geckos
  10 orcs
  4 giant cockroaches
  9 goblins
  6 hobgoblins
  7 jackals
  A quokka (D:2)
  3 ball pythons
  6 bats
  6 frilled lizards
  11 kobolds
  7 rats
91 creatures vanquished.

Notes
Turn   | Place    | Note
-------+----------+-------------------------------------------
     0 | D:1      | Kingsmith the Mummy Conjurer began the quest for the Orb.
     0 | D:1      | Reached XP level 1. HP: 13/13 MP: 4/4
   137 | D:1      | Reached XP level 2. HP: 9/19 MP: 0/5
   188 | D:1      | Learned a level 2 spell: Searing Ray
   777 | D:1      | Reached XP level 3. HP: 22/24 MP: 7/7
   836 | D:1      | Learned a level 3 spell: Dazzling Spray
  1122 | D:2      | Reached skill level 1 in Hexes
  1181 | D:2      | Found a glowing golden altar of the Shining One.
  1405 | D:2      | Reached XP level 4. HP: 26/30 MP: 8/8
  1851 | D:2      | Found a blossoming altar of Fedhas.
  1864 | D:2      | Noticed an oklob plant
  1990 | D:2      | Found a radiant altar of Vehumet.
  2252 | D:3      | Noticed Ijyb
  2267 | D:3      | Killed Ijyb
  2267 | D:3      | Reached XP level 5. HP: 29/35 MP: 3/9
  2401 | D:3      | Found an ancient bone altar of Kikubaaqudgha.
  3465 | D:4      | Found Vanorch's Antique Weapon Shop.
  3523 | D:4      | Found a basalt altar of Yredelemnul.
  4011 | D:4      | Noticed an orc warrior
  4013 | D:4      | Reached XP level 6. HP: 41/41 MP: 7/10
  4083 | D:4      | Slain by an orc warrior

Skill      XL: |  1  2  3  4  5 |
---------------+----------------+-----
Conjurations   | 4 |  4.2
Hexes          | 1 3 4 |  4.4
Dodging        | |  1.5
Stealth        | |  1.5
Spellcasting   | |  2.6

Action                   |  1- 3 |  4- 6 || total
-------------------------+-------+-------++-------
Melee: Dagger            |    93 |    88 ||   181
       Whip              |     6 |       ||     6
 Cast: Magic Dart        |    15 |    18 ||    33
       Searing Ray       |     1 |    13 ||    14
       Dazzling Spray    |       |     1 ||     1
 Stab: Sleeping          |     1 |     3 ||     4
       Invisible         |       |     1 ||     1
Armor: Robe              |    13 |     6 ||    19
Dodge: Dodged            |    44 |    42 ||    86
